 Dungeon Crawl Stone Soup version 0.29-a0-72-g1732ff48e7 (webtiles) character file.

Game seed: 9643927409376340636

44 siradein the Skirmisher (level 3, -3/33 HPs)
             Began as a Ghoul Fighter on Feb 4, 2022.
             Slain by a worm (5 damage)
             ... on level 2 of the Dungeon.
             The game lasted 00:02:17 (1674 turns).

siradein the Skirmisher (Ghoul Fighter)             Turns: 1674, Time: 00:02:17

Health: -3/33      AC:  9    Str: 19    XL:     3   Next: 62%
Magic:  2/2        EV:  7    Int:  3    God:
Gold:   100        SH:  4    Dex: 10    Spells: 2/2 levels left

rFire   . . .      SeeInvis .   a - +0 long sword
rCold   + . .      Faith    .   c - +0 buckler
rNeg    + + +      Spirit   .   g - +0 chain mail
rPois   ∞          Reflect  .   (no helmet)
rElec   .          Harm     .   (no cloak)
rCorr   .          Rampage  .   (no gloves)
Will    .....                   (no boots)
Stlth   ..........              (no amulet)
HPRegen 0.00/turn               (no ring)
MPRegen 0.08/turn               (no ring)

@: inhibited regen
A: claws 1, cold resistance 1, negative energy resistance 3, inhibited
regeneration, torment resistance 2
a: no special abilities


You were on level 2 of the Dungeon.
You visited 1 branch of the dungeon, and saw 2 of its levels.

You collected 100 gold pieces.

Inventory:

Hand Weapons
 a - a +0 long sword (weapon)
Armour
 c - a +0 buckler (worn)
 g - a +0 chain mail (worn)
Scrolls
 b - a scroll of identify {unknown}
 e - a scroll of blinking {unknown}
 f - a scroll of teleportation {unknown}
 h - a scroll of magic mapping {unknown}
Potions
 d - a potion of might


   Skills:
 + Level 3.8 Fighting
 + Level 2.3 Long Blades
 + Level 3.0 Armour
 + Level 3.1 Shields


You had 2 spell levels left.
You didn't know any spells.
Your spell library was empty.

Dungeon Overview and Level Annotations

Branches:
Dungeon (2/15)

Altars:


Innate Abilities, Weirdness & Mutations

You thrive by killing the living.
You are immune to poison.
You have sharp fingernails.
Your flesh is cold resistant. (rC+)
You are immune to negative energy. (rN+++)
You do not regenerate when monsters are visible.
You are immune to unholy pain and torment.


Message History

The ball python constricts you. The kobold hits you but does no damage.
You barely miss the ball python.
The ball python is severely wounded.
The ball python barely misses you. The ball python constricts you.
You block the kobold's attack.
The ball python bites you but does no damage.
The ball python constricts you. The kobold hits you but does no damage.
You hit the ball python.
You kill the ball python!
You feel better. The kobold hits you but does no damage.
You barely miss the hobgoblin. The kobold hits you with a +0 dagger.
* * * LOW HITPOINT WARNING * * *
You block the hobgoblin's attack.
You miss the kobold. You block the kobold's attack.
The hobgoblin barely misses you. The kobold hits you but does no damage.
You closely miss the kobold. The hobgoblin barely misses you.
The kobold hits you with a +0 dagger.
* * * LOW HITPOINT WARNING * * *
The hobgoblin closely misses you.
You miss the kobold. The kobold hits you but does no damage.
The hobgoblin hits you but does no damage.
You hit the kobold.
You kill the kobold!
The hobgoblin hits you but does no damage.
You hit the hobgoblin.
You kill the hobgoblin!
You slash the frilled lizard!
You kill the frilled lizard!
You feel better.
You barely miss the worm. The worm bites you but does no damage.
You barely miss the worm. You hit the worm but do no damage.
The worm barely misses you.
You barely miss the worm. The worm bites you!
* * * LOW HITPOINT WARNING * * *
You slash the worm!
The worm is heavily wounded.
You slash the worm!
The worm is almost dead.
The worm bites you.
You die...

#.# ##.#...## #.# #.......##
## #.# #..##....#### .. #.#
#..# ..?..... #.# #.#
#..###...# #.# #.# #.†.gw..#
#.# #.# ###.####..####
#.####.###...##w##.$.....###
#.............#@##.#.......#
#..###.###...##.)..........#
##..# #.# ######..........
.#..###.# #..........
........# #.........#
##..##### #..(......# #..#
###.......# #..# ...######
#..# ####


You could see a worm.

Vanquished Creatures
  A dart slug (D:1)
  5 bats
  4 endoplasms
  A giant cockroach (D:1)
  4 hobgoblins
  2 jackals (D:1)
  4 quokkas
  4 ball pythons
  5 frilled lizards
  3 goblins (D:1)
  A kobold (D:2)
  5 rats
39 creatures vanquished.

Vanquished Creatures (others)
  A plant (D:1)
1 creature vanquished.

Grand Total: 40 creatures vanquished

Notes
Turn   | Place    | Note
-------+----------+-------------------------------------------
     0 | D:1      | siradein the Ghoul Fighter began the quest for the Orb.
     0 | D:1      | Reached XP level 1. HP: 19/19 MP: 0/0
   321 | D:1      | Reached XP level 2. HP: 18/26 MP: 1/1
   457 | D:1      | Found a faded altar of an unknown god.
  1017 | D:1      | Reached XP level 3. HP: 31/31 MP: 2/2
  1674 | D:2      | Slain by a worm

Illustrated notes

Levels and vault maps discovered:
D:1:      scummos_arrival_simple_fountains, layout_loops_ring,
          nicolae_ecumenical_snake_handling, wad_woods_river_04,
          dk_noncrumbling_2, minmay_box_of_dots
D:2:      layout_loops_ring

Skill      XL: |  1  2  3 |
---------------+----------+-----
Long Blades    | 2 |  2.3
Shields        | 3 |  3.1
Armour         | 3 |  3.0
Fighting       | |  3.8

Action                   || total
-------------------------++-------
Melee: Long sword        ||   157
Armor: Scale mail        ||    64
       Chain mail        ||    71
Dodge: Dodged            ||    89
Block: Buckler           ||    39

Table legend: (Time is in decaauts)
 A = Elapsed time spent in this place.
 B = Non-inter-level travel time spent in this place.
 C = Inter-level travel time spent in this place.
 D = Time resting spent in this place.
 E = Time spent auto-exploring this place.
 F = Levels seen in this place.
 G = Mean time per level.
                   A        B        C        D        E       F      G
               +--------+--------+--------+--------+--------+-----+--------+
         Total |   1735 |   1680 |     55 |     67 |   1260 |   2 |  867.5 |
       Dungeon |   1735 |   1680 |     55 |     67 |   1260 |   2 |  867.5 |
               +--------+--------+--------+--------+--------+-----+--------+

Top non-repeatable levels by time:
     D:1: 1414 daAuts
     D:2: 320 daAuts
